 Dungeon Crawl Stone Soup version 0.20.1-1-g8b1a95d (webtiles) character file.

1460 graki42 the Magician (level 8, -6/42 HPs)
             Began as a Deep Elf Fire Elementalist on Aug 11, 2017.
             Was an Initiate of Vehumet.
             Hit by a large rock thrown by a cyclops (38 damage)
             ... on level 7 of the Dungeon.
             The game lasted 00:17:54 (6134 turns).

graki42 the Magician (Deep Elf Fire Elementalist)   Turns: 6134, Time: 00:17:55

Health: -6/42      AC:  9    Str:  7    XL:     8   Next: 48%
Magic:  17/21      EV: 13    Int: 21    God:    Vehumet [......]
Gold:   283        SH:  7    Dex: 15    Spells: 6/22 levels left

rFire    + . .     SeeInvis .   j - +0 dagger (venom)
rCold    . . .     Gourm    .   b - +3 warlock's mirror {reflect}
rNeg     + . .     Faith    .   w - +2 robe {rF+}
rPois    .         Spirit   .   m - +2 helmet
rElec    .         Reflect  +   d - +0 cloak (curse)
rCorr    .         Harm     .   B - +0 pair of gloves (curse)
MR       .....                  (no boots)
Stlth    ++........             F - amulet of inaccuracy (curse)
Regen    0.2/turn               n - ring of positive energy
MPRegen  0.2/turn               (no ring)

@: drained
A: no striking features
a: Renounce Religion


You were on level 7 of the Dungeon.
You worshipped Vehumet.
Vehumet was noncommittal.
You were hungry.

You visited 2 branches of the dungeon, and saw 8 of its levels.

You collected 283 gold pieces.

Inventory:

Hand Weapons
 j - a +0 dagger of venom (weapon)
Missiles
 h - 245 stones (quivered)
 l - 95 arrows
Armour
 b - the +3 warlock's mirror (worn) {reflect}
   (You found it on level 5 of the Dungeon)
 d - a cursed +0 cloak (worn)
 m - a +2 helmet (worn)
 w - a +2 robe of fire resistance (worn)
 B - a cursed +0 pair of gloves (worn)
Jewellery
 n - a ring of positive energy (left hand)
 A - an uncursed amulet of harm
 F - a cursed amulet of inaccuracy (around neck)
Wands
 u - a wand of digging (23/24)
 z - a wand of iceblast (8/15)
Scrolls
 f - 3 scrolls of identify
 k - 4 scrolls of amnesia
 o - 2 scrolls of immolation
 r - a scroll of teleportation
 y - a scroll of enchant weapon {unknown}
 C - a scroll of magic mapping
 E - a scroll of fog
 I - a scroll of recharging
Potions
 e - 2 potions of haste
 g - a potion of agility
 i - a potion of berserk rage
 p - a potion of might {unknown}
 q - a potion of cancellation {unknown}
 s - 2 potions of flight {unknown}
 t - 3 potions of curing {unknown}
 v - a potion of invisibility {unknown}
Books
 D - a book of Minor Magic

   Spells                             Type                      Level
   a - Magic Dart                     Conjuration                  1
   b - Blink                          Translocation                2
   c - Call Imp                       Summoning                    2
   d - Slow                           Hexes                        2
   e - Conjure Flame                  Conjuration/Fire             3
   f - Mephitic Cloud                 Conjuration/Poison/Air       3
Comestibles
 a - 2 royal jellies
 c - 9 bread rations
 x - 2 fruits
 G - 4 chunks of flesh
 H - a meat ration


   Skills:
 + Level 0.7(0.0) Fighting
 + Level 1.2(0.3) Short Blades
 + Level 3.9(2.9) Dodging
 + Level 4.2(3.2) Stealth
 * Level 2.5(1.6) Shields
 + Level 7.5(6.4) Spellcasting
 + Level 5.0(4.0) Conjurations
 + Level 0.3(0.0) Hexes
 + Level 6.9(5.8) Fire Magic


You had 6 spell levels left.
You knew the following spells:

 Your Spells              Type           Power        Failure   Level  Hunger
a - Flame Tongue          Conj/Fire      ####.        1%          1    None
b - Conjure Flame         Conj/Fire      ####....     4%          3    #......
c - Inner Flame           Hex/Fire       ###.....     12%         3    #......
d - Sticky Flame          Conj/Fire      ####....     16%         4    ###....
e - Fireball              Conj/Fire      ####......   41%         5    #####..


Dungeon Overview and Level Annotations

Branches:
Dungeon (7/15)             Temple (1/1) D:4

Altars:
Dithmenos
Elyvilon
Fedhas
Gozag
Hepliaklqana
Makhleb
Okawaru
Qazlal
Ru
Sif Muna
Trog
Uskayaw
Vehumet
Yredelemnul

Shops:
D:4 }


Message History

A bullfrog and a gnoll come into view.
The cyclops closely misses you.
There is an open door here.
Casting: Flame Tongue
Confirm with . or Enter, or press ? or * to list all spells.
Aiming: Sticky Flame
Press: ? - help, Shift-Dir - straight line, f/p - cyclops
Aim: a cyclops (lightly wounded)
The sticky flame hits the cyclops.
The cyclops appears unharmed.
The cyclops is lightly wounded.
The cyclops is covered in liquid flames!
The gnoll shouts!
You are feeling hungry.
The cyclops burns!
The cyclops hits you but does no damage.
The cyclops burns!
The cyclops burns!
The cyclops stops burning.
The cyclops throws a large rock.
The large rock hits you!!!
Ouch! That really hurt!
You die...

#
#%.............#
#..%...........#
#..............#
##########.....#
#####..(..#
#........[#
+.....##'##
#....###.#
#..FC'.@.#
#...g###.#
....... ..#
###.... ..#
#.... #...
...... #...
....... #...#
....... .##


You could see a cyclops, a bullfrog and a gnoll.

Vanquished Creatures
  Prince Ribbit (D:6)
  Edmund (D:4)
  Menkaure (D:4)
  An ogre (D:4)
  A centaur (D:5)
  Blork the orc (D:6)
  2 scorpions
  3 crimson imps
  A centaur zombie (D:5)
  A bullfrog skeleton (D:6)
  A hound (D:6)
  An orc priest (D:4)
  A centaur skeleton (D:6)
  Ijyb (D:4)
  3 orc wizards
  4 worker ants
  A worker ant zombie (D:5)
  3 gnolls (D:7)
  13 adders
  3 oozes
  5 worms
  A dart slug (D:1)
  5 leopard geckos
  4 orcs
  4 ball pythons
  4 giant cockroaches
  8 hobgoblins
  4 jackals (D:6)
  9 kobolds
  A quokka (D:2)
  5 bats (D:1)
  4 frilled lizards
  8 goblins
  8 rats
114 creatures vanquished.

Notes
Turn   | Place    | Note
-------+----------+-------------------------------------------
     0 | D:1      | graki42 the Deep Elf Fire Elementalist began the quest for the Orb.
     0 | D:1      | Reached XP level 1. HP: 10/10 MP: 6/6
   183 | D:2      | Reached XP level 2. HP: 3/15 MP: 0/8
   360 | D:2      | Reached XP level 3. HP: 15/19 MP: 5/9
   379 | D:1      | Learned a level 3 spell: Conjure Flame
   383 | D:1      | Learned a level 3 spell: Inner Flame
  1377 | D:2      | Reached XP level 4. HP: 24/24 MP: 9/11
  1444 | D:2      | Reached skill level 4 in Spellcasting
  1638 | D:2      | Learned a level 4 spell: Sticky Flame
  2260 | D:3      | Reached XP level 5. HP: 27/28 MP: 6/13
  3182 | D:4      | Reached skill level 5 in Fire Magic
  3183 | D:4      | Reached skill level 5 in Spellcasting
  3187 | D:4      | Reached XP level 6. HP: 23/32 MP: 4/15
  3462 | D:4      | Noticed Menkaure
  3467 | D:4      | Killed Menkaure
  3552 | D:4      | Noticed Ijyb
  3564 | D:4      | Killed Ijyb
  3564 | D:4      | Reached skill level 6 in Spellcasting
  3676 | D:4      | Reached XP level 7. HP: 36/36 MP: 15/18
  3769 | D:4      | Found Nytagal's Gadget Shoppe.
  3845 | D:4      | Found a staircase to the Ecumenical Temple.
  3854 | Temple   | Entered the Ecumenical Temple
  3894 | Temple   | Became a worshipper of Vehumet
  3953 | D:4      | Noticed Edmund
  3959 | D:4      | Killed Edmund
  4320 | D:5      | Entered Level 5 of the Dungeon
  4327 | D:5      | Learned a level 5 spell: Fireball
  4468 | D:5      | Reached skill level 7 in Spellcasting
  4486 | D:5      | Reached skill level 1 in Shields
  5024 | D:5      | Reached XP level 8. HP: 41/41 MP: 14/20
  5077 | D:6      | Noticed Prince Ribbit
  5083 | D:6      | Killed Prince Ribbit
  5083 | D:6      | Reached skill level 1 in Short Blades
  5570 | D:6      | Noticed Blork the orc
  5575 | D:6      | Killed Blork the orc
  5575 | D:6      | Reached skill level 5 in Conjurations
  6111 | D:7      | Found a basalt altar of Yredelemnul.
  6122 | D:7      | Noticed a cyclops
  6134 | D:7      | Hit by a large rock thrown by a cyclops

Skill      XL: |  1  2  3  4  5  6  7  8 |
---------------+-------------------------+-----
Fire Magic     | 4 5 6 |  6.9
Stealth        | 3 4 |  4.2
Spellcasting   | 4 5 6 7 |  7.5
Conjurations   | 2 3 4 5 |  5.0
Dodging        | 3 |  3.9
Shields        | 1 2 |  2.5
Short Blades   | 1 |  1.2
Fighting       | |  0.7
Hexes          | |  0.3

Action                   |  1- 3 |  4- 6 |  7- 9 || total
-------------------------+-------+-------+-------++-------
Melee: Dagger            |       |       |   102 ||   102
 Cast: Flame Tongue      |    61 |   101 |    57 ||   219
       Conjure Flame     |       |     4 |    10 ||    14
       Inner Flame       |       |     1 |     3 ||     4
       Sticky Flame      |       |     1 |     7 ||     8
  Use: Scroll            |       |     9 |     3 ||    12
  Eat: Chunk             |     1 |     7 |     9 ||    17
Armor: Robe              |     3 |     3 |    35 ||    41
Dodge: Dodged            |    15 |    16 |    46 ||    77
Block: Buckler           |       |       |    37 ||    37
       Reflection        |       |       |     2 ||     2
